 Dungeon Crawl Stone Soup version 0.27-a0-1431-gcffa5a9b16 (webtiles) character file.

Game seed: 13272582124147109372

1379 dolemite99 the Cruncher (level 8, -5/56 HPs)
             Began as a Demonspawn Gladiator on July 3, 2021.
             Was an Initiate of Yredelemnul.
             Slain by a gargoyle (12 damage)
             ... on level 7 of the Dungeon.
             The game lasted 00:06:13 (6871 turns).

dolemite99 the Cruncher (Demonspawn Gladiator)      Turns: 6871, Time: 00:06:14

Health: -5/56      AC: 12    Str: 17    XL:     8   Next: 39%
Magic:  8/8        EV: 10    Int: 10    God:    Yredelemnul [......]
Gold:   310        SH:  0    Dex: 20    Spells: 7/7 levels left

rFire    . . .     SeeInvis .   a - +0 quarterstaff
rCold    . . .     Faith    .   (shield currently unavailable)
rNeg     . . .     Spirit   .   b - +0 chain mail
rPois    .         Reflect  .   J - +1 hat
rElec    .         Harm     .   (no cloak)
rCorr    .         Rampage  .   E - +2 pair of gloves
Will     .....                  (no boots)
Stlth    ..........             i - amulet of the acrobat
HPRegen  0.18/turn              e - +6 ring of dexterity
MPRegen  0.22/turn              (no ring)

@: no status effects
A: horns 2, repulsion field 1, powered by death 2, magic regeneration
a: Renounce Religion


You were on level 7 of the Dungeon.
You worshipped Yredelemnul.
Yredelemnul was noncommittal.
You visited 1 branch of the dungeon, and saw 7 of its levels.
You also visited: Sewer.

You collected 310 gold pieces.

Inventory:

Hand Weapons
 a - a +0 quarterstaff (weapon)
 f - a +5 short sword
 C - a +0 hand crossbow
 I - the +4 long sword of the Dead {freeze, Stlth+}
   (You found it on level 5 of the Dungeon)

   It has been specially enchanted to freeze those struck by it, causing extra
   injury to most foes and up to half again as much damage against particularly
   susceptible opponents.
   It can also slow down cold-blooded creatures.
   Stlth:     It makes you more stealthy.
Missiles
 d - 3 throwing nets
 h - 132 stones
 k - 21 poisoned darts (quivered)
 p - 11 atropa-tipped darts
 D - 45 bolts
 G - 127 arrows
 K - 36 sling bullets
 L - 2 javelins
Armour
 b - a +0 chain mail (worn)
 c - a +0 helmet
 l - a +0 scale mail
 E - a +2 pair of gloves (worn)
 J - a +1 hat (worn)
Jewellery
 e - a +6 ring of dexterity (left hand)
 i - an amulet of the acrobat (around neck)
 n - an amulet of regeneration
Wands
 B - a wand of flame (24)
 H - a wand of polymorph (7)
Scrolls
 g - 4 scrolls of noise
 j - 8 scrolls of identify {@r1}
 r - a scroll of enchant armour
 s - a scroll of amnesia {unknown}
 t - 2 scrolls of teleportation {unknown}
 u - 3 scrolls of fear {unknown}
 v - 3 scrolls of magic mapping {unknown}
 x - 2 scrolls of fog {unknown}
 y - a scroll of blinking {unknown}
 A - a scroll of immolation {unknown}
Potions
 m - 7 potions of lignification
 o - a potion of heal wounds
 q - a potion of flight
 w - a potion of curing {unknown}
 z - a potion of might {unknown}
 F - a potion of haste {unknown}


   Skills:
 - Level 2.0 Fighting
 + Level 9.9 Staves
 - Level 1.7 Throwing
 - Level 2.6 Dodging


You had 7 spell levels left.
You didn't know any spells.
Your spell library contained the following spells:

 Spells                   Type           Power      Damage    Failure   Level
 Animate Skeleton         Necr           0%         N/A       100%        1
 Apportation              Tloc           0%         N/A       100%        1
 Corona                   Hex            0%         N/A       100%        1
 Pain                     Necr           0%         1d4       100%        1
 Summon Small Mammal      Summ           0%         N/A       100%        1
 Blink                    Tloc           N/A        N/A       100%        2
 Frozen Ramparts          Ice            0%         1d2       100%        3
 Inner Flame              Hex/Fire       0%         N/A       100%        3
 Lesser Beckoning         Tloc           0%         N/A       100%        3
 Summon Guardian Golem    Hex/Summ       0%         N/A       100%        3
 Tukima's Dance           Hex            0%         N/A       100%        3
 Vampiric Draining        Necr           0%         2d6       100%        3
 Cause Fear               Hex            0%         N/A       100%        4
 Ice Form                 Ice/Tmut       0%         N/A       100%        4
 Passage of Golubria      Tloc           N/A        N/A       100%        4
 Summon Ice Beast         Ice/Summ       0%         N/A       100%        4
 Manifold Assault         Tloc           0%         N/A       100%        5
 Yara's Violent Unravell  Hex/Tmut       0%         3d3       100%        5
 Orb of Destruction       Conj           0%         N/A       100%        7
 Spellforged Servitor     Conj/Summ      0%         N/A       100%        7
 Storm Form               Tmut/Air       0%         N/A       100%        7
 Discord                  Hex            0%         N/A       100%        8


Dungeon Overview and Level Annotations

Branches:
Dungeon (7/15)             Temple (0/1) D:5           Sewer (visited)

Altars:
Wu Jian
Yredelemnul

Annotations:
D:2 1 runed translucent door, Crazy Yiuf
D:7 Tocho's ghost, novice HOMo


Innate Abilities, Weirdness & Mutations

You have a pair of horns on your head.
You are surrounded by a mild repulsion field. (EV +2)
You regenerate health from kills.
You regenerate magic rapidly.


Message History

You hit the gargoyle but do no damage.
The gargoyle is moderately damaged.
The gargoyle closely misses you.
You hit the gargoyle but do no damage. You headbutt the gargoyle.
The gargoyle is moderately damaged.
The gargoyle hurls a stone arrow at you.
The stone arrow hits you.
You hit the gargoyle but do no damage. You headbutt the gargoyle.
The gargoyle is heavily damaged.
The gargoyle closely misses you.
You hit the gargoyle but do no damage. Your headbutt misses the gargoyle.
The gargoyle is heavily damaged.
You hit the gargoyle but do no damage.
The gargoyle is heavily damaged.
The gargoyle hits you with a +0 mace!
You hit the gargoyle but do no damage.
You headbutt the gargoyle, but do no damage.
The gargoyle is heavily damaged.
The gargoyle barely misses you.
You hit the gargoyle but do no damage.
The gargoyle is heavily damaged.
The gargoyle hurls a stone arrow at you.
The stone arrow hits you!
You hit the gargoyle but do no damage. Your headbutt misses the gargoyle.
The gargoyle is heavily damaged.
The gargoyle hurls a stone arrow at you.
The stone arrow misses you.
You hit the gargoyle.
The gargoyle is heavily damaged.
You hit the gargoyle but do no damage.
The gargoyle is heavily damaged.
The gargoyle hurls a stone arrow at you.
The stone arrow hits you!!
* * * LOW HITPOINT WARNING * * *
You hit the gargoyle but do no damage.
You headbutt the gargoyle, but do no damage.
The gargoyle is heavily damaged.
The gargoyle hits you with a +0 mace!
You die...
Your body rises from the dead as a mindless zombie.

#.# .#.#
####.##...#
##.#...#...#
#.#........# ##
#........#
#.##........#
#######.#........#
.........#9...#..#
#######.#@#...#
#.####### #.# ###
#.# #.. #####.#
#.# #.....# #.#
#.# #.##### #.#
#.# #.# #.# #.#
#.############ #.#
#.#


You could see a gargoyle.

Vanquished Creatures
  2 water moccasins
  An ice beast (D:6)
  A necrophage (D:6)
  An ogre (D:5)
  A black bear (D:6)
  A phantom (D:5)
  A bullfrog (D:6)
  A water moccasin zombie (D:5)
  A howler monkey (D:3)
  A bullfrog zombie (D:5)
  3 centaur zombies
  2 hounds (D:5)
  A jelly (D:6)
  An iguana (D:6)
  Ijyb (D:4)
  An orc wizard (D:4)
  A killer bee zombie (D:6)
  A hound zombie (D:5)
  2 hound skeletons
  A howler monkey zombie (D:6)
  A howler monkey skeleton (D:7)
  7 adders
  4 river rats
  A white imp (D:5)
  2 worms
  6 orcs
  9 ball pythons
  2 bats
  6 endoplasms
  3 giant cockroaches
  4 goblins
  6 hobgoblins
  8 jackals
  7 kobolds
  2 quokkas
  11 frilled lizards
  15 rats
119 creatures vanquished.

Notes
Turn   | Place    | Note
-------+----------+-------------------------------------------
     0 | D:1      | dolemite99 the Demonspawn Gladiator began the quest for the
                  | Orb.
     0 | D:1      | Reached XP level 1. HP: 16/16 MP: 1/1
    88 | D:1      | Reached skill level 3 in Staves
   135 | D:1      | Gained mutation: You regenerate magic rapidly. [demonic
                  | ancestry]
   135 | D:1      | Reached XP level 2. HP: 14/22 MP: 2/2
  1019 | D:2      | Found a faded altar of an unknown god.
  1028 | D:2      | Gained mutation: You are surrounded by a mild repulsion
                  | field. (EV +2) [demonic ancestry]
  1028 | D:2      | Reached XP level 3. HP: 26/27 MP: 3/3
  1047 | D:2      | Reached skill level 4 in Staves
  1804 | D:2      | Gained mutation: You regenerate a little health from kills.
                  | [demonic ancestry]
  1804 | D:2      | Reached XP level 4. HP: 33/33 MP: 4/4
  2095 | D:2      | Found a runed translucent door.
  2096 | D:2      | Noticed Crazy Yiuf
  2481 | D:3      | Reached skill level 5 in Staves
  2969 | D:4      | Gained mutation: You have a pair of small horns on your
                  | head. [demonic ancestry]
  2969 | D:4      | Reached XP level 5. HP: 35/38 MP: 5/5
  3225 | D:4      | Found a glowing drain.
  3229 | Sewer    | Entered a sewer
  3552 | Sewer    | Reached skill level 6 in Staves
  3821 | D:4      | Noticed Ijyb
  3836 | D:4      | Killed Ijyb
  3837 | D:4      | Gained mutation: You have a pair of horns on your head.
                  | [demonic ancestry]
  3837 | D:4      | Reached XP level 6. HP: 30/44 MP: 6/6
  4393 | D:5      | Entered Level 5 of the Dungeon
  4773 | D:5      | Identified the +4 long sword of the Dead {freeze, Stlth+}
  4868 | D:5      | Reached skill level 7 in Staves
  4875 | D:5      | Found a basalt altar of Yredelemnul.
  4887 | D:5      | Reached XP level 7. HP: 46/50 MP: 7/7
  4903 | D:5      | Became a worshipper of Yredelemnul the Dark
  4984 | D:5      | Reached skill level 8 in Staves
  5579 | D:5      | Found a staircase to the Ecumenical Temple.
  6009 | D:6      | Reached skill level 9 in Staves
  6009 | D:6      | Gained mutation: You regenerate health from kills. [demonic
                  | ancestry]
  6009 | D:6      | Reached XP level 8. HP: 56/56 MP: 8/8
  6587 | D:6      | Found an ornate altar of the Wu Jian Council.
  6736 | D:7      | Noticed Tocho's ghost (novice HOMo)
  6847 | D:7      | Noticed a gargoyle
  6871 | D:7      | Slain by a gargoyle

Illustrated notes

Levels and vault maps discovered:
D:1:      lightli_arrival_lavapool, layout_basic
D:2:      layout_loops_ring, hellmonk_ecumenical_altar_arch_garden,
          uniq_crazy_yiuf_cottage
D:3:      layout_basic, minmay_misc_feat_columns
D:4:      layout_rooms, gup_sewer_entry_spiral, uniq_ijyb
D:5:      layout_basic, nicolae_yredelemnul_corpse_copse
D:6:      layout_rooms, lemuel_tele_altar, hangedman_abyss_or_decor_stabs,
          grunt_decor_resistance
D:7:      layout_loops_ring, old_standard_altar, gammafunk_ghost_icy, uniq_pikel

Skill      XL: |  1  2  3  4  5  6  7 |
---------------+----------------------+-----
Staves         | 3 4 5 6 7 9 |  9.9
Fighting       | |  2.0
Throwing       | |  1.7
Dodging        | |  2.6

Action                   |  1- 3 |  4- 6 |  7- 9 || total
-------------------------+-------+-------+-------++-------
Melee: Quarterstaff      |    89 |   225 |   113 ||   427
       Headbutt          |       |    27 |    26 ||    53
Throw: Dart              |       |     5 |    18 ||    23
  Use: Scroll            |       |     5 |     2 ||     7
 Stab: Sleeping          |     1 |       |       ||     1
Armor: Leather armour    |    25 |       |       ||    25
       Scale mail        |    11 |    66 |       ||    77
       Chain mail        |       |    20 |    35 ||    55
Dodge: Dodged            |    67 |   168 |    78 ||   313

Table legend: (Time is in decaauts)
 A = Elapsed time spent in this place.
 B = Non-inter-level travel time spent in this place.
 C = Inter-level travel time spent in this place.
 D = Time resting spent in this place.
 E = Time spent auto-exploring this place.
 F = Levels seen in this place.
 G = Mean time per level.
                   A        B        C        D        E       F      G
               +--------+--------+--------+--------+--------+-----+--------+
         Total |   6952 |   6823 |    129 |   1674 |   3781 |   8 |  869.0 |
       Dungeon |   6531 |   6402 |    129 |   1674 |   3533 |   7 |  933.0 |
         Sewer |    421 |    421 |      0 |      0 |    247 |   1 |  421.0 |
               +--------+--------+--------+--------+--------+-----+--------+

Top non-repeatable levels by time:
     D:2: 1297 daAuts
     D:5: 1200 daAuts
     D:4: 1104 daAuts
     D:6: 1067 daAuts
     D:1: 1004 daAuts
     D:3: 666 daAuts
   Sewer: 421 daAuts
     D:7: 190 daAuts
